 Dungeon Crawl Stone Soup version 0.28.0 (webtiles) character file.

Game seed: 9079378744374928691

730 Steelback the Chopper (level 7, -4/63 HPs)
             Began as a Hill Orc Fighter on Feb 10, 2022.
             Was a Follower of Beogh.
             Slain by a black bear (10 damage)
             ... on level 4 of the Dungeon.
             The game lasted 00:38:05 (4054 turns).

Steelback the Chopper (Hill Orc Fighter)            Turns: 4054, Time: 00:38:06

Health: -4/63      AC: 12    Str: 21    XL:     7   Next: 73%
Magic:  16/16      EV:  7    Int:  8    God:    Beogh [*.....]
Gold:   164        SH:  4    Dex: 10    Spells: 6/6 levels left

rFire   . . .      SeeInvis .   a - +0 war axe
rCold   . . .      Faith    .   c - +0 buckler
rNeg    + . .      Spirit   .   s - +0 chain mail
rPois   .          Reflect  .   j - +0 helmet
rElec   .          Harm     .   (no cloak)
rCorr   .          Rampage  .   (no gloves)
Will    .....                   x - +0 pair of boots
Stlth   ..........              (no amulet)
HPRegen 0.20/turn               u - ring of positive energy
MPRegen 0.15/turn               w - ring of magical power

@: attractive
A: no striking features
a: Renounce Religion


You were on level 4 of the Dungeon.
You worshipped Beogh.
Beogh was aware of your devotion.
You visited 1 branch of the dungeon, and saw 4 of its levels.

You collected 164 gold pieces.

Inventory:

Hand Weapons
 a - a +0 war axe (weapon)
 y - a +0 shortbow
 B - a +1 dagger of holy wrath
Missiles
 f - 16 poisoned darts
 p - 64 stones (quivered)
 z - 3 arrows
Armour
 c - a +0 buckler (worn)
 j - a +0 helmet (worn)
 s - a +0 chain mail (worn)
 x - a +0 pair of boots (worn)
Jewellery
 u - a ring of positive energy (left hand)
 w - a ring of magical power (right hand)
Wands
 t - a wand of flame (14)
Scrolls
 b - a scroll of immolation {unknown}
 i - 4 scrolls of identify {unknown}
 l - a scroll of vulnerability {unknown}
 q - a scroll of brand weapon {unknown}
 r - a scroll of silence {unknown}
 A - a scroll of magic mapping {unknown}
 C - a scroll of torment {unknown}
 F - a scroll of teleportation {unknown}
 G - a scroll of acquirement {unknown}
Potions
 d - 2 potions of might
 g - a potion of brilliance {unknown}
 h - a potion of curing {unknown}
 k - a potion of mutation {unknown}
 m - a potion of haste {unknown}
 n - a potion of lignification {unknown}
 o - a potion of ambrosia {unknown}
 v - 2 potions of flight {unknown}
 D - a potion of resistance {unknown}
 E - a potion of berserk rage {unknown}


   Skills:
 + Level 6.1 Fighting
 * Level 7.5 Axes
 + Level 5.2 Armour
 - Level 0.2 Stealth
 + Level 4.4 Shields


You had 6 spell levels left.
You didn't know any spells.
Your spell library contained the following spells:

 Spells                   Type           Power      Damage    Failure   Level
 Inner Flame              Hex/Fire       0%         N/A       100%        3
 Stone Arrow              Conj/Erth      0%         3d7       100%        3
 Animate Armour           Summ/Erth      0%         N/A       100%        4
 Petrify                  Tmut/Erth      0%         N/A       100%        4
 Statue Form              Tmut/Erth      0%         N/A       100%        6


Dungeon Overview and Level Annotations

Branches:
Dungeon (4/15)
 Temple: D:4-7

Altars:
Cheibriados

Shops:
D:1 !


Message History

You are too injured to fight recklessly!
You are too injured to fight recklessly!
You are too injured to fight recklessly!
You are too injured to fight recklessly!
You are too injured to fight recklessly!
You are too injured to fight recklessly!
You hit the black bear.
The black bear is severely wounded.
The black bear goes berserk!
You barely miss the black bear.
The black bear is severely wounded.
The black bear barely misses you.
The black bear claws you but does no damage. x2
You hit the black bear.
The black bear is severely wounded.
You block the black bear's attack.
The black bear claws you but does no damage. x2
The black bear bites you but does no damage.
The black bear claws you but does no damage. x2
You barely miss the black bear.
The black bear is severely wounded.
You block the black bear's attack. The black bear claws you.
The black bear barely misses you. The black bear bites you.
The black bear barely misses you.
The black bear claws you but does no damage.
The black bear bites you!
* * * LOW HITPOINT WARNING * * *
The black bear closely misses you.
The black bear claws you but does no damage.
You closely miss the black bear.
The black bear is severely wounded.
The black bear bites you!
* * * LOW HITPOINT WARNING * * *
You block the black bear's attack. The black bear closely misses you. x2
You block the black bear's attack. The black bear claws you.
* * * LOW HITPOINT WARNING * * *
It was a potion of attraction.
You feel attractive to monsters. The black bear bites you!
You die...

##### #.... ####
#.### .....####
#.# ........#
#.### ##.##.####
#.... #.....h@.#
#.### #..##.##.#
##.... #. #.##.#
#....# .. #.#..#
#...#. ## .#
#....# #....#
##+## .# ###..#
####.# ##...##.#
#..# ####..
##....)#.#####..#
######....#
##...............#
#...#......


You could see a black bear (berserk).

Vanquished Creatures
  2 black bears (D:4)
  A sky beast (D:3)
  A centaur (D:4)
  A scorpion (D:4)
  An iron imp (D:3)
  A hound (D:2)
  A bullfrog skeleton (D:3)
  Ijyb (D:3)
  Natasha (twice) (D:3)
  An orc wizard (D:4)
  3 gnolls (D:2)
  5 adders
  An ufetubus (D:4)
  2 adder skeletons (D:4)
  A worm (D:4)
  3 dart slugs
  5 endoplasms
  5 giant cockroaches
  6 goblins
  6 hobgoblins
  2 jackals (D:4)
  2 quokkas
  6 ball pythons
  2 bats
  3 frilled lizards (D:2)
  7 kobolds
  7 rats
78 creatures vanquished.

Vanquished Creatures (others)
  Natasha (D:3)
  An orc (D:3)
  A bat (D:3)
3 creatures vanquished.

Grand Total: 81 creatures vanquished

Notes
Turn   | Place    | Note
-------+----------+-------------------------------------------
     0 | D:1      | Steelback the Hill Orc Fighter began the quest for the Orb.
     0 | D:1      | Reached XP level 1. HP: 19/19 MP: 1/1
    86 | D:1      | Found a faded altar of an unknown god.
   177 | D:1      | Found Feffuitura's Distillery.
   296 | D:1      | Reached XP level 2. HP: 27/27 MP: 2/2
   417 | D:1      | Reached skill level 3 in Axes
   760 | D:2      | Reached XP level 3. HP: 33/33 MP: 3/3
   914 | D:2      | Reached XP level 4. HP: 37/40 MP: 4/4
   930 | D:2      | Reached skill level 4 in Axes
  1823 | D:3      | Became a worshipper of Beogh the Brigand
  1824 | D:3      | Noticed Ijyb
  1859 | D:3      | Killed Ijyb
  1917 | D:3      | Noticed Natasha
  2127 | D:3      | Reached XP level 5. HP: 44/47 MP: 5/5
  2150 | D:3      | Killed Natasha
  2211 | D:3      | Noticed Natasha
  2217 | D:3      | Killed Natasha
  2481 | D:3      | Reached skill level 5 in Axes
  2523 | D:3      | Noticed a sky beast
  2534 | D:3      | Killed a sky beast
  2535 | D:3      | Reached XP level 6. HP: 44/55 MP: 6/6
  2553 | D:3      | Noticed Natasha
  2558 | D:3      | Killed Natasha
  2629 | D:3      | Found a snail-covered altar of Cheibriados.
  2642 | D:3      | Reached skill level 6 in Axes
  2792 | D:4      | Reached skill level 5 in Fighting
  3167 | D:4      | Reached XP level 7. HP: 58/61 MP: 7/7
  3514 | D:4      | Reached * piety under Beogh
  3515 | D:4      | Reached skill level 7 in Axes
  3515 | D:4      | Reached skill level 5 in Armour
  3771 | D:4      | Got the Incunabulum of the Rocks and the Volcanoes
  4054 | D:4      | Slain by a black bear

Illustrated notes

Levels and vault maps discovered:
D:1:      minmay_arrival_four_circles, layout_basic, serial_shops, shop,
          chequers_ecumenical_altar_simple, minmay_misc_feat_more_columns
D:2:      layout_basic, kennysheep_decorative_pillar, minmay_pentomino_p2
D:3:      layout_basic, chei_slow_surprise, uniq_natasha, uniq_ijyb
D:4:      layout_loops_corners, chequers_ossuary_entry_cave,
          minmay_fractal_squares_diagonal_5, uniq_edmund

Skill      XL: |  1  2  3  4  5  6  7 |
---------------+----------------------+-----
Axes           | 3 4 5 6 7 |  7.5
Fighting       | 4 5 6 |  6.1
Armour         | 4 5 |  5.2
Shields        | 4 |  4.4
Stealth        | |  0.2

Action                   |  1- 3 |  4- 6 |  7- 9 || total
-------------------------+-------+-------+-------++-------
Melee: War axe           |    70 |   130 |    72 ||   272
Throw: Stone             |       |       |     1 ||     1
Invok: Convert to Beogh  |       |     1 |       ||     1
  Use: Potion            |       |     1 |     1 ||     2
Armor: Scale mail        |    33 |    27 |       ||    60
       Chain mail        |       |    44 |    74 ||   118
Dodge: Dodged            |    26 |    40 |    36 ||   102
Block: Buckler           |    18 |    27 |    19 ||    64
